 Dungeon Crawl Stone Soup version 0.27.0-1-g7a08968 (webtiles) character file.

Game seed: 13210655369978358035

66 catcat the Digger (level 4, -3/26 HPs)
             Began as a Gargoyle Earth Elementalist on May 23, 2022.
             Slain by a goblin (6 damage)
             ... led by Robin
             ... on level 3 of the Dungeon.
             The game lasted 00:04:47 (1991 turns).

catcat the Digger (Gargoyle Earth Elementalist)     Turns: 1991, Time: 00:04:47

Health: -3/26      AC:  7    Str: 12    XL:     4   Next: 15%
Magic:  1/7        EV: 11    Int: 16    God:
Gold:   122        SH:  0    Dex: 10    Spells: 1/7 levels left

rFire    + . .     SeeInvis .   a - staff of fire
rCold    . . .     Faith    .   (no shield)
rNeg     + . .     Spirit   .   b - +0 robe
rPois    ∞         Reflect  .   d - +0 helmet
rElec    +         Harm     .   (no cloak)
rCorr    .         Rampage  .   e - +0 pair of gloves
Will     .....                  (no boots)
Stlth    ++........             (no amulet)
HPRegen  0.08/turn              (no ring)
MPRegen  0.10/turn              (no ring)

@: about to teleport
A: sickness immunity, AC +3, negative energy resistance 1, electricity
resistance, torment resistance 1, petrification resistance
a: no special abilities


You were on level 3 of the Dungeon.
You visited 1 branch of the dungeon, and saw 3 of its levels.

You collected 122 gold pieces.

Inventory:

Hand Weapons
 g - a +0 dagger of speed
Missiles
 c - 94 stones
Armour
 b - a +0 robe (worn)
 d - a +0 helmet (worn)
 e - a +0 pair of gloves (worn)
Magical Staves
 a - a staff of fire (weapon)
Scrolls
 f - a scroll of identify {unknown}
Potions
 h - a potion of curing {unknown}
 j - a potion of brilliance {unknown}


   Skills:
 + Level 2.1 Fighting
 - Level 1.5 Dodging
 - Level 2.1 Stealth
 - Level 2.0 Spellcasting
 - Level 0.7 Transmutations
 * Level 5.3 Earth Magic


You had one spell level left.
You knew the following spells:

 Your Spells              Type           Power      Damage    Failure   Level
a - Sandblast             Erth           36%        2d10      2%          1
b - Passwall              Tmut/Erth      9%         N/A       9%          2
c - Stone Arrow           Conj/Erth      20%        3d8       22%         3

Your spell library contained the following spells:

 Spells                   Type           Power      Damage    Failure   Level
 Petrify                  Tmut/Erth      11%        N/A       52%         4


Dungeon Overview and Level Annotations

Branches:
Dungeon (3/15)

Altars:

Annotations:
D:3 Robin


Innate Abilities, Weirdness & Mutations

You are immune to sickness and miasma.
Your stone body is resilient. (AC +3)
You are immune to poison.
You resist negative energy. (rN+)
You are resistant to electric shocks. (rElec)
You are resistant to unholy torment.
You are immune to petrification.


Message History

Confirm with . or Enter, or press ? or * to list all spells.
Aiming: Sandblast (safe; 2% risk of failure)
Press: ? - help, Shift-Dir - straight line, f - goblin
Aim: a goblin, wielding a +0 club (74% to hit)
The blast of sand hits the goblin!
You kill the goblin!
The hobgoblin barely misses you. Robin throws the goblin at you!
The goblin misses you. The goblin hits you but does no damage.
The goblin closely misses you.
Casting: Sandblast (safe; 2% risk of failure)
Confirm with . or Enter, or press ? or * to list all spells.
Aiming: Sandblast (safe; 2% risk of failure)
Press: ? - help, Shift-Dir - straight line, f - goblin
Aim: a goblin, wielding a +0 club (74% to hit)
The blast of sand hits the goblin!
You kill the goblin!
The hobgoblin misses you.
Robin roars a battlecry!
The goblins go into a battle-frenzy!
The goblin hits you but does no damage. The goblin hits you with a +0 club.
The goblin closely misses you.
Unknown command.
As you read the scroll of teleportation, it crumbles to dust.
You feel strangely unstable. The goblin barely misses you.
The hobgoblin hits you.
* * * LOW HITPOINT WARNING * * *
The goblin hits you but does no damage. x2; The goblin barely misses you.
a - a staff of fire (weapon)
The goblin hits you with a +0 dagger.
* * * LOW HITPOINT WARNING * * *
Unknown command.
You hit the goblin.
You kill the goblin!
The hobgoblin closely misses you. The goblin misses you.
The goblin hits you but does no damage. The goblin barely misses you.
The hobgoblin closely misses you. Robin throws the goblin at you!
* * * LOW HITPOINT WARNING * * *
The goblin hits you with a +0 club.
You die...

#### ## ##...##
.. ##gg...##
#####.##.gg....#
......g@g.J....#
......##.g.....#
##### #......##
..........
##...######
##.## #.# #.#


You could see Robin, an endoplasm, 2 hobgoblins and 4 goblins.

Vanquished Creatures
  An adder (D:2)
  A dart slug (D:1)
  4 bats
  3 endoplasms
  A giant cockroach (D:1)
  7 goblins
  5 hobgoblins
  6 jackals (D:1)
  5 quokkas
  4 ball pythons (D:1)
  2 frilled lizards
  5 kobolds
  5 rats
49 creatures vanquished.

Notes
Turn   | Place    | Note
-------+----------+-------------------------------------------
     0 | D:1      | catcat the Gargoyle Earth Elementalist began the quest for
                  | the Orb.
     0 | D:1      | Reached XP level 1. HP: 10/10 MP: 3/3
   161 | D:1      | Reached skill level 4 in Earth Magic
   180 | D:1      | Reached XP level 2. HP: 6/16 MP: 0/5
   372 | D:1      | Learned a level 2 spell: Passwall
   416 | D:1      | Reached skill level 1 in Fighting
   576 | D:1      | Reached XP level 3. HP: 13/20 MP: 3/6
   832 | D:1      | Noticed a great orb of eyes
   863 | D:1      | Found a faded altar of an unknown god.
   863 | D:1      | Noticed a golden eye
   868 | D:1      | Noticed a golden eye
   871 | D:1      | Noticed a floating eye
  1125 | D:2      | Reached skill level 5 in Earth Magic
  1321 | D:2      | Learned a level 3 spell: Stone Arrow
  1559 | D:2      | Reached XP level 4. HP: 26/26 MP: 7/7
  1979 | D:3      | Noticed Robin
  1991 | D:3      | Slain by a goblin

Illustrated notes

Levels and vault maps discovered:
D:1:      dpeg_arrival_brainrot, layout_rooms,
          hellmonk_ecumenical_altar_watching_god
D:2:      layout_basic
D:3:      layout_loops_corners, hangedman_ru_absence, uniq_grinder, uniq_robin,
          uniq_sigmund, uniq_natasha, uniq_purgy

Skill      XL: |  1  2  3 |
---------------+----------+-----
Earth Magic    | 4 5 |  5.3
Fighting       | 1 2 |  2.1
Dodging        | |  1.5
Stealth        | |  2.1
Spellcasting   | |  2.0
Transmutations | |  0.7

Action                   |  1- 3 |  4- 6 || total
-------------------------+-------+-------++-------
Melee: Staff             |    23 |     1 ||    24
       Dagger            |    31 |     3 ||    34
 Cast: Sandblast         |    39 |     7 ||    46
  Use: Scroll            |       |     2 ||     2
 Stab: Sleeping          |     3 |       ||     3
Armor: Robe              |    28 |    18 ||    46
Dodge: Dodged            |    41 |    21 ||    62
